 Dungeon Crawl Stone Soup version 0.21-a0-258-g4c0eb85 (webtiles) character file.

219 KarmaPolice the Slasher (level 5, -4/41 HPs)
             Began as a Vampire Gladiator on Sept 7, 2017.
             Slain by an orc wizard
             ... wielding a +0 dagger
              (6 damage)
             ... on level 3 of the Dungeon.
             The game lasted 00:09:05 (3391 turns).

KarmaPolice the Slasher (Vampire Gladiator)         Turns: 3391, Time: 00:09:06

Health: -4/41      AC:  4    Str: 10 (13) XL:     5   Next: 64%
Magic:  5/5        EV: 13    Int:  9 (10) God:
Gold:   80         SH:  0    Dex: 16 (17) Spells: 4/4 levels left

rFire    . . .     SeeInvis +   a - +0 long sword
rCold    + . .     Gourm    .   (no shield)
rNeg     + + .     Faith    .   b - +0 leather armour
rPois    +         Spirit   .   c - +0 helmet
rElec    .         Reflect  .   (no cloak)
rCorr    .         Harm     .   (no gloves)
MR       .....                  (no boots)
Stlth    ++........             (no amulet)
HPRegen  0.06/turn              (no ring)
MPRegen  0.09/turn              (no ring)

@: regenerating slowly, hasted, very quick
A: fangs 3, see invisible, unbreathing
a: Bat Form


You were on level 3 of the Dungeon.
You were thirsty.

You visited 1 branch of the dungeon, and saw 4 of its levels.

You collected 80 gold pieces.

Inventory:

Hand Weapons
 a - a +0 long sword (weapon)
 h - a cursed -3 dagger
 q - a +1 dagger of speed
Missiles
 d - 3 throwing nets (quivered)
Armour
 b - a +0 leather armour (worn)
 c - a +0 helmet (worn)
Scrolls
 f - a scroll of fog {unknown}
 g - 2 scrolls of remove curse {unknown}
 j - a scroll of immolation {unknown}
 k - a scroll of enchant armour {unknown}
 m - 4 scrolls of identify {unknown}
 n - a scroll of blinking {unknown}
 p - a scroll of fear {unknown}
 s - a scroll of teleportation {unknown}
Potions
 e - 11 potions of blood
 o - a potion of lignification {unknown}
 r - a potion of might {unknown}


   Skills:
 + Level 3.3 Fighting
 + Level 4.5 Long Blades
 - Level 2.5 Throwing
 + Level 1.2 Armour
 - Level 3.2 Dodging


You had 4 spell levels left.
You didn't know any spells.

Dungeon Overview and Level Annotations

Branches:
Dungeon (4/15)
 Temple: D:4-7

Altars:
Okawaru

Annotations:
D:4 Pikel


Innate Abilities, Weirdness & Mutations

You heal slowly.
You have razor-sharp teeth.
You have supernaturally acute eyesight. (SInv)
You can survive without breathing.


Message History

The magic dart hits you!
* * * LOW HITPOINT WARNING * * *
You hit the orc wizard.
The orc wizard is heavily wounded.
You miss the orc wizard.
The orc wizard is heavily wounded.
The orc wizard closely misses you.
You hit the orc wizard.
The orc wizard is severely wounded.
The orc wizard closely misses you.
You hit the orc wizard but do no damage.
Your bite misses the orc wizard.
The orc wizard is heavily wounded.
The orc wizard closely misses you.
You riposte.
You hit the orc wizard.
The orc wizard is severely wounded.
You hit the orc wizard.
You bite the orc wizard, but do no damage.
The orc wizard is almost dead.
The orc wizard hits you with a dagger.
You die...

..................#
..................#
..................#
........[.........#
.......%..........#
.<................#
..................#
..................#
.........)......@o#
..................#
..................#
..................#
..................#####
......................#
..................###.#
###############.### #.#
#.# #.#


You could see an orc wizard (invisible).

Vanquished Creatures
  A howler monkey (D:3)
  2 orc wizards (D:4)
  A bullfrog skeleton (D:4)
  3 adders
  3 worms
  A dart slug (D:3)
  2 leopard geckos (D:3)
  4 orcs
  11 bats
  3 giant cockroaches
  4 goblins
  5 hobgoblins
  3 jackals (D:1)
  A quokka (D:3)
  7 frilled lizards
  6 kobolds
  4 rats
61 creatures vanquished.

Notes
Turn   | Place    | Note
-------+----------+-------------------------------------------
     0 | D:1      | KarmaPolice the Vampire Gladiator began the quest for the Orb.
     0 | D:1      | Reached XP level 1. HP: 16/16 MP: 1/1
   150 | D:1      | Reached XP level 2. HP: 21/22 MP: 2/2
   708 | D:2      | Reached XP level 3. HP: 20/27 MP: 3/3
   797 | D:2      | Found an iron altar of Okawaru.
  1325 | D:3      | Reached XP level 4. HP: 30/34 MP: 4/4
  1752 | D:3      | Reached skill level 4 in Long Blades
  2492 | D:4      | Noticed Pikel
  2492 | D:4      | Noticed a slave
  2494 | D:4      | Noticed a slave
  2907 | D:4      | Reached XP level 5. HP: 26/41 MP: 5/5
  2911 | D:4      | Reached skill level 1 in Armour
  3386 | D:3      | HP: 2/41 [orc wizard/magic dart (7)]
  3391 | D:3      | Slain by an orc wizard

Vault maps used:
D:1:      sevenhm_arrival_forest_fort_large_2
D:2:      nicolae_overflow_hidden_temple, okawaru_trees_1
D:4:      marbit_many_paths, lemuel_doored_altar, first_bread,
          minmay_misc_feat_enclosed, minmay_close_crescents, uniq_pikel,
          uniq_purgy

Skill      XL: |  1  2  3  4  5 |
---------------+----------------+-----
Fighting       | 2 3 |  3.3
Throwing       | 2 |  2.5
Long Blades    | 4 |  4.5
Armour         | 1 |  1.2
Dodging        | |  3.2

Action                   |  1- 3 |  4- 6 || total
-------------------------+-------+-------++-------
Melee: Long sword        |   102 |   101 ||   203
       Bite              |     8 |    14 ||    22
 Abil: End Transformatio |     1 |     7 ||     8
       Bat Form          |     1 |     7 ||     8
  Use: Potion            |       |     7 ||     7
 Stab: Sleeping          |     2 |     2 ||     4
Armor: Leather armour    |    38 |    27 ||    65
Dodge: Dodged            |    85 |    75 ||   160
       Rpst.: Long sword |    27 |    20 ||    47

Table legend:
 A = Spawn XP
 B = Non-spawn XP
 C = Spawn XP percentage of total XP
 D = Spawn monster count
 E = Non-spawn monster count
 F = Spawn count percentage of total count
 G = Total turns spent on level
                    A         B        C        D         E        F      G
               +---------+---------+-------+---------+---------+-------+---------
         Total |       0 |     314 |   0.0 |       0 |      61 |   0.0 |  3391
               +---------+---------+-------+---------+---------+-------+---------
           D:1 |       0 |      37 |   0.0 |       0 |      25 |   0.0 |   869
           D:2 |       0 |      33 |   0.0 |       0 |      10 |   0.0 |  1008
           D:3 |       0 |     103 |   0.0 |       0 |      19 |   0.0 |   707
           D:4 |       0 |     141 |   0.0 |       0 |       7 |   0.0 |   807
               +---------+---------+-------+---------+---------+-------+---------
